 Dungeon Crawl Stone Soup version 0.27.1 (webtiles) character file.

Game seed: 10413976240673069736

17602 pkoi the Carver (level 12, -4/97 HPs)
             Began as a Minotaur Gladiator on Aug 26, 2021.
             Was a High Priest of Okawaru.
             Slain by a sixfirhy (12 damage)
             ... summoned by a kobold demonologist
             ... on level 12 of the Dungeon.
             The game lasted 00:15:47 (12050 turns).

pkoi the Carver (Minotaur Gladiator)               Turns: 12050, Time: 00:15:48

Health: -4/97      AC: 12    Str: 28    XL:     12   Next: 20%
Magic:  17/17      EV: 18    Int:  5    God:    Okawaru [*****.]
Gold:   912        SH:  0    Dex:  9    Spells: 11/11 levels left

rFire    + . .     SeeInvis .   j - +2 double sword (holy)
rCold    . . .     Faith    .   (no shield)
rNeg     . . .     Spirit   .   t - +0 ring mail {rPois}
rPois    +         Reflect  .   c - +1 hat
rElec    .         Harm     .   M - +0 cloak
rCorr    .         Rampage  .   J - +1 pair of gloves {Str+3}
Will     .....                  (no boots)
Stlth    ..........             g - amulet of regeneration
HPRegen  1.26/turn              I - +4 ring of evasion
MPRegen  0.15/turn              (no ring)

@: no status effects
A: horns 2, retaliatory headbutt, clumsy 1, fire resistance 1, frail 1,
screaming 1
a: Renounce Religion, Heroism, Finesse


You were on level 12 of the Dungeon.
You worshipped Okawaru.
Okawaru was extremely pleased with you.
You visited 3 branches of the dungeon, and saw 16 of its levels.
You also visited: Ossuary.

You collected 912 gold pieces.

Inventory:

Hand Weapons
 a - a +0 long sword
 j - a +2 double sword of holy wrath (weapon)
 y - a +2 great sword of draining
Missiles
 d - 3 throwing nets (quivered)
 i - 6 boomerangs
 p - 51 poisoned darts
 O - 3 javelins
Armour
 c - a +1 hat (worn)
 t - a +0 ring mail of poison resistance (worn)
 J - a +1 pair of gloves of strength (worn)
 M - a +0 cloak (worn)
Jewellery
 g - an amulet of regeneration (around neck)
 m - an amulet of the acrobat
 n - a ring of wizardry
 z - an amulet of guardian spirit
 I - a +4 ring of evasion (left hand)
Wands
 b - a wand of iceblast (7)
 k - a wand of polymorph (16)
 s - a wand of charming (9)
 B - a wand of mindburst (17)
 C - a wand of flame (41)
 E - a wand of acid (11)
 F - a wand of digging (3)
 G - a wand of paralysis (6)
Scrolls
 l - 6 scrolls of teleportation
 o - 11 scrolls of identify
 q - 5 scrolls of magic mapping
 r - a scroll of enchant armour
 x - 3 scrolls of silence
 A - 2 scrolls of amnesia
 D - 2 scrolls of enchant weapon
 K - a scroll of blinking
 P - a scroll of summoning
Potions
 e - 2 potions of invisibility
 f - 3 potions of mutation
 h - 5 potions of lignification
 u - 4 potions of curing
 v - 4 potions of heal wounds
 w - 3 potions of haste
 H - 3 potions of berserk rage
 L - 2 potions of ambrosia {unknown}
 N - a potion of cancellation {unknown}


   Skills:
 + Level 10.6 Fighting
 + Level 13.2 Long Blades
 - Level 2.0 Throwing
 + Level 10.3 Armour
 + Level 10.1 Dodging
 - Level 8.0 Invocations


You had 11 spell levels left.
You didn't know any spells.
Your spell library contained the following spells:

 Spells                   Type           Power      Damage    Failure   Level
 Corona                   Hex            0%         N/A       58%         1
 Ensorcelled Hibernation  Hex/Ice        0%         N/A       73%         2
 Tukima's Dance           Hex            0%         N/A       91%         3
 Fireball                 Conj/Fire      0%         3d3       100%        5
 Iskenderun's Battlesphe  Conj           0%         2d6       100%        5
 Summon Forest            Summ/Tloc      0%         N/A       100%        5
 Summon Mana Viper        Hex/Summ       0%         N/A       100%        5
 Conjure Ball Lightning   Conj/Air       0%         3x3d6     100%        6
 Shadow Creatures         Summ           N/A        N/A       100%        6
 Orb of Destruction       Conj           0%         N/A       100%        7


Dungeon Overview and Level Annotations

Branches:
Dungeon (12/15)            Temple (1/1) D:4            Lair (3/6) D:8
 Spider (0/4) Lair:2      Ossuary (visited)
  Swamp: Lair:2-4    Shoals: Lair:2-4       Orc: D:9-12

Altars:
Ashenzari
Cheibriados
Dithmenos
Elyvilon
Fedhas
Gozag
Hepliaklqana
Kikubaaqudgha
Makhleb
Nemelex Xobeh
Okawaru
Qazlal
Ru
Sif Muna
Trog
Uskayaw
Vehumet
Wu Jian
Xom
Yredelemnul
Zin
The Shining One

Annotations:
D:2 Sigmund
D:3 4 runed translucent doors, Crazy Yiuf; Thatpatchoflichen's ghost, amateur DrTm
D:9 exclusion: obsidian statue


Innate Abilities, Weirdness & Mutations

You have a pair of horns on your head.
You reflexively headbutt those who attack you in melee.
You are clumsy. (Dex -2)
Your flesh is heat resistant. (rF+)
You are frail. (-10% HP)
You occasionally shout uncontrollably at your foes.


Message History

The kobold demonologist is severely wounded.
The white imp hits you but does no damage.
The white imp sputters.
The white imp gestures at you.
The puff of frost hits you but does no damage.
The iron imp closely misses you.
The kobold demonologist hits you but does no damage.
The white imp misses you. You furiously retaliate!
You headbutt the white imp, but do no damage.
The red devil hits you from afar with a +0 trident.
You hit the kobold demonologist.
Your headbutt misses the kobold demonologist.
The kobold demonologist is almost dead.
The neqoxec disappears in a puff of smoke!
The sixfirhy hits you. The sixfirhy shocks you!
* * * LOW HITPOINT WARNING * * *
The sixfirhy hits you!
* * * LOW HITPOINT WARNING * * *
The sixfirhy shocks you!
* * * LOW HITPOINT WARNING * * *
The quasit misses you. You furiously retaliate!
You headbutt the quasit, but do no damage.
You riposte.
You slash the quasit!
The quasit convulses!
You kill the quasit!
The kobold demonologist hits you with a +0 dagger.
* * * LOW HITPOINT WARNING * * *
The white imp gestures at you. The puff of frost hits you!
* * * LOW HITPOINT WARNING * * *
The white imp barely misses you.
The sixfirhy hits you but does no damage.
The kobold demonologist hits you but does no damage.
Unknown command.
You barely miss the kobold demonologist.
Your headbutt misses the kobold demonologist.
The kobold demonologist is almost dead.
The sixfirhy hits you!
* * * LOW HITPOINT WARNING * * *
The sixfirhy shocks you!
You die...

.........###
....(........))...#
.......###....))..#
.......####...#..##
..........#..##..####
.......##....#....#.##
.....4..#............##
.......55§........#...#
......K@5.#.......#..##
......53K####.....#.##
.>.....§.####.......###
..........#.....##....##
.......$.###..#.###....#
........## #.######....#
........# ##.#.........#
........###............#
........#..............


You could see 2 kobold demonologists, a sixfirhy (summoned), a red devil
(summoned), an iron imp (summoned) and 3 white imps.

Vanquished Creatures
  Josephine (D:10)
  3 elephants (Lair:2)
  A gargoyle (D:11)
  A cane toad (D:8)
  3 komodo dragons
  3 jumping spiders (Lair:2)
  Grinder (D:6)
  Prince Ribbit (D:5)
  4 blink frogs
  A meliai zombie (D:11)
  A wyvern (Lair:2)
  5 redbacks (Lair:2)
  4 wraiths
  2 shadows
  5 yaks
  A basilisk (Lair:1)
  Grum (Lair:1)
  6 vampire mosquitoes
  Edmund (D:4)
  2 acid dragons (D:9)
  9 water moccasins
  2 black bears
  An ice beast (D:7)
  4 orc warriors
  A sky beast (D:5)
  2 hornet zombies
  3 ogres
  3 necrophages
  6 wolves
  8 centaurs
  A phantom (D:5)
  2 lemures (D:6)
  2 kobold brigands
  9 bullfrogs
  3 gnoll sergeants
  2 wyvern zombies (Ossuary)
  7 scorpions
  3 water moccasin zombies (Ossuary)
  8 killer bees
  3 wights (D:7)
  2 electric eels
  6 howler monkeys
  10 centaur zombies
  5 bullfrog zombies
  4 hounds
  13 mummies (Ossuary)
  4 bullfrog skeletons
  3 centaur skeletons
  5 orc priests
  Jessica (D:3)
  A scorpion zombie (D:5)
  Natasha (thrice) (D:2 D:1)
  8 orc wizards
  2 killer bee zombies (Ossuary)
  A hound zombie (D:5)
  2 hound skeletons (D:4)
  4 howler monkey zombies
  15 gnolls
  2 adders
  A shadow imp (D:5)
  An adder skeleton (D:4)
  2 worms (D:2)
  22 orcs
  10 endoplasms
  7 giant cockroaches
  9 goblins
  6 hobgoblins
  13 kobolds
  2 quokkas
  6 ball pythons
  2 bats
  3 frilled lizards
  6 rats
307 creatures vanquished.

Vanquished Creatures (collateral kills)
  Pikel (D:6)
1 creature vanquished.

Vanquished Creatures (others)
  A kobold brigand (D:12)
  2 fungi
  3 plants
  5 withered plants (Ossuary)
11 creatures vanquished.

Grand Total: 319 creatures vanquished

Notes
Turn   | Place    | Note
-------+----------+-------------------------------------------
     0 | D:1      | pkoi the Minotaur Gladiator began the quest for the Orb.
     0 | D:1      | Reached XP level 1. HP: 18/18 MP: 0/0
    74 | D:1      | Reached skill level 4 in Long Blades
   104 | D:1      | Reached XP level 2. HP: 15/25 MP: 1/1
   494 | D:1      | Found a faded altar of an unknown god.
   507 | D:1      | Became a worshipper of Vehumet
   507 | D:1      | Reached * piety under Vehumet
   507 | D:1      | Offered knowledge of Sandblast by Vehumet.
   766 | D:2      | Reached skill level 5 in Long Blades
   856 | D:2      | Noticed Natasha
   859 | D:2      | Reached XP level 3. HP: 30/30 MP: 2/2
   861 | D:2      | Killed Natasha
  1059 | D:2      | Fell from the grace of Vehumet
  1240 | D:2      | Noticed Natasha
  1247 | D:2      | Killed Natasha
  1248 | D:2      | Reached skill level 6 in Long Blades
  1248 | D:2      | Reached XP level 4. HP: 27/37 MP: 3/3
  1276 | D:2      | Noticed Sigmund
  1295 | D:2      | Noticed Natasha
  1312 | D:1      | Killed Natasha
  1410 | D:3      | Found a runed translucent door.
  1412 | D:3      | Noticed Crazy Yiuf
  1472 | D:3      | Noticed an ogre
  1476 | D:3      | Killed an ogre
  1477 | D:3      | Reached skill level 7 in Long Blades
  1477 | D:3      | Reached XP level 5. HP: 42/42 MP: 4/4
  1525 | D:3      | Identified a scroll of acquirement
  1525 | D:3      | Acquired a +1 double sword of holy wrath
  1601 | D:3      | Noticed Jessica
  1604 | D:3      | Killed Jessica
  1605 | D:3      | Reached skill level 8 in Long Blades
  1788 | D:3      | Found a runed translucent gate.
  1788 | D:3      | Found a runed translucent gate.
  1788 | D:3      | Found a runed translucent gate.
  1789 | D:3      | Found an opulent altar of Gozag.
  1793 | D:3      | Noticed Thatpatchoflichen's ghost (amateur DrTm)
  1873 | D:3      | Reached XP level 6. HP: 49/50 MP: 5/5
  2205 | D:4      | Reached skill level 9 in Long Blades
  2206 | D:4      | Noticed Edmund
  2217 | D:4      | Killed Edmund
  2218 | D:4      | Reached skill level 1 in Armour
  2304 | D:4      | Reached XP level 7. HP: 57/57 MP: 6/6
  2643 | D:4      | Found a staircase to the Ecumenical Temple.
  2764 | Temple   | Entered the Ecumenical Temple
  2974 | Temple   | Became a worshipper of Warmaster Okawaru
  3096 | D:5      | Entered Level 5 of the Dungeon
  3125 | D:5      | Noticed Prince Ribbit
  3135 | D:5      | Killed Prince Ribbit
  3136 | D:5      | Reached skill level 1 in Invocations
  3136 | D:5      | Reached XP level 8. HP: 67/67 MP: 6/8
  3237 | D:4      | Reached skill level 5 in Dodging
  3485 | D:5      | Reached * piety under Okawaru
  3741 | D:5      | Reached skill level 5 in Fighting
  3762 | D:5      | Reached skill level 10 in Long Blades
  3895 | D:5      | Found a blossoming altar of Fedhas.
  3916 | D:5      | Reached skill level 5 in Armour
  4069 | D:5      | Reached ** piety under Okawaru
  4074 | D:5      | Reached XP level 9. HP: 32/75 MP: 10/10
  4390 | D:6      | Found a sand-covered staircase.
  4409 | Ossuary  | Entered an ossuary
  4580 | Ossuary  | Reached *** piety under Okawaru
  4844 | D:6      | Reached skill level 11 in Long Blades
  4938 | D:6      | Noticed Grinder
  4938 | D:6      | Paralysed by Grinder for 5 turns
  4948 | D:6      | Killed Grinder
  4967 | D:6      | Noticed Pikel
  4985 | D:6      | Killed Pikel
  4985 | D:6      | Reached **** piety under Okawaru
  4986 | D:6      | Reached XP level 10. HP: 76/86 MP: 12/12
  5142 | D:6      | Reached skill level 5 in Invocations
  6107 | D:7      | Was forgiven by Vehumet
  6762 | D:7      | Reached ***** piety under Okawaru
  6948 | D:8      | Received a gift from Okawaru
  7017 | D:8      | Found a staircase to the Lair.
  7055 | D:8      | Found an ancient bone altar of Kikubaaqudgha.
  7159 | D:8      | Found a glowing golden altar of the Shining One.
  7475 | D:9      | Reached skill level 12 in Long Blades
  7526 | D:9      | Reached XP level 11. HP: 70/95 MP: 14/14
  7590 | D:9      | Noticed an obsidian statue
  8422 | D:10     | Entered Level 10 of the Dungeon
  8710 | D:10     | Noticed Josephine
  8725 | D:10     | Killed Josephine
  9726 | D:11     | Received a gift from Okawaru
  9942 | Lair:1   | Entered Level 1 of the Lair of Beasts
 10041 | Lair:1   | Noticed Grum
 10048 | Lair:1   | Killed Grum
 10393 | Lair:1   | Reached skill level 10 in Fighting
 10826 | Lair:2   | Identified the +0 robe "Veuffy Ika" {Will+ Str+6}
 11397 | Lair:2   | Reached skill level 13 in Long Blades
 11397 | Lair:2   | Reached XP level 12. HP: 102/107 MP: 16/16
 11399 | Lair:2   | Reached skill level 10 in Armour
 11417 | Lair:2   | Found a hole to the Spider Nest.
 11730 | Lair:3   | Identified the +2 whip "Qouzenet" {distort, rElec rPois
                  | Dex+2}
 11738 | Lair:3   | Reached skill level 10 in Dodging
 11751 | Lair:3   | Noticed a seven-headed hydra
 12023 | D:12     | Gained mutation: You are clumsy. (Dex -2) [a neqoxec]
 12025 | D:12     | Gained mutation: You are frail. (-10% HP) [a neqoxec]
 12030 | D:12     | Gained mutation: Your flesh is heat resistant. (rF+) [a
                  | neqoxec]
 12032 | D:12     | Gained mutation: You occasionally shout uncontrollably at
                  | your foes. [a neqoxec]
 12050 | D:12     | Slain by a sixfirhy

Illustrated notes

Levels and vault maps discovered:
D:1:      minmay_arrival_shattered_statue, layout_rooms,
          hellmonk_ecumenical_altar_prayer_group, minmay_3d_cube
D:2:      layout_rooms, uniq_natasha, uniq_sigmund
D:3:      layout_loops_ring, ebering_ghost_gozag, uniq_crazy_yiuf_cottage,
          uniq_jessica
D:4:      layout_basic, minmay_temple_entry_poolview, uniq_edmund
D:5:      layout_basic, minmay_ruined_shrine, uniq_prince_ribbit1
D:6:      layout_basic, nicolae_ossuary_entry_false_entrances,
          corexii_leaking_fountain, uniq_pikel, uniq_grinder
D:7:      layout_loops_corners
D:8:      layout_gridville, tso_oasis_becter,
          nicolae_kikubaaqudgha_miasma_corner, grunt_lair_entry_orc_guard_hut
D:9:      layout_loops_ring, minmay_protected_statue
D:10:     layout_loops_corners, uniq_josephine
D:11:     layout_rooms, minmay_misc_feat_rugged, kennysheep_potato
D:12:     layout_cave_pools, erik_orc_1, chequers_garden, uniq_psyche
Temple:   regret_index_temple_chain_breaker
Lair:1:   layout_gridlike, uniq_grum
Lair:2:   layout_loops_ring, nicolae_spider_entry_tight_spaces,
          serial_bayou_pond_b, serial_bayou_crossing
Lair:3:   layout_regular_city, swamp_mist, beast_lair_carwin_11

Skill      XL: |  1  2  3  4  5  6  7  8  9 10 11 12 |
---------------+-------------------------------------+-----
Long Blades    | 4 5 6 7 8 9 10 11 12 13 | 13.2
Armour         | 1 3 5 6 8 9 10 | 10.3
Fighting       | 3 4 5 7 8 10 | 10.6
Dodging        | 4 5 7 8 9 10 | 10.1
Invocations    | 1 3 4 6 7 8 |  8.0
Throwing       | |  2.0

Action                   |  1- 3 |  4- 6 |  7- 9 | 10-12 || total
-------------------------+-------+-------+-------+-------++-------
Melee: Long sword        |    57 |    18 |       |       ||    75
       Headbutt          |    14 |    16 |    34 |    92 ||   156
       Double sword      |       |    48 |   193 |   207 ||   448
       Great sword       |       |       |       |   219 ||   219
Invok: Renounce Religion |     1 |       |       |       ||     1
       Heroism           |       |       |       |     1 ||     1
  Use: Scroll            |       |     3 |    10 |     3 ||    16
       Potion            |       |       |     6 |     5 ||    11
 Stab: Distracted        |       |       |     2 |       ||     2
       Sleeping          |       |       |     1 |       ||     1
Armor: Leather armour    |     9 |     8 |    23 |     8 ||    48
       Skin              |       |       |     8 |       ||     8
       Ring mail         |       |       |       |   146 ||   146
Dodge: Dodged            |    30 |    39 |   120 |   406 ||   595
       Rpst.: Long sword |     9 |     2 |       |       ||    11
       Double sword      |       |     9 |    33 |    42 ||    84
       Great sword       |       |       |       |    48 ||    48
